woodfighter, neutral female human Wizard ---- --- ---- ---..--- |.| |.. --......-- |.| |.. |........| --.| +..- |........| -..| |..| |.--...--- ...-----..| --+---+ |.||.--- .. .....| ...... |.||.| .. ....|---- .....- |.||.--- ..- -...|(((|+------..{...| |.|-...--- ..| +...|((.|@Y...........| |.|......-- .| |...|.)(|-|-.....---+-- |.|.......| -.----...--|-|..|..-+-- |.|-.....-- |...|.......)|..|..| |.||....-- --- |...|..#......---..| |.|---.--- |.. --...|-....{........| |.| |.<.--.-.-----....--..|....#.....-------- | |.------...^...............--.....................| --....| |...--................-..----.--.........--- |...|.| --.-|.......--...........| --- -.........| --.---- ---|..--..----.----.|..-- --..-- .-- --- -------- --- ----- --- -- woodfighter the Thaumaturge Experience level: 7 Strength: 9 Dexterity: 12 Constitution: 14 Intelligence: 19 Wisdom: 19 Charisma: 8 Health: 0(57) Energy: 97(97) Def: 3 Gold: 545 Moves: 3982 Dungeon seed: UbcknAsR_tFWutMj Game ID: woodfighter_1447940832 Your Inventory: Coins $ - 545 gold pieces Weapons a - a blessed +1 quarterstaff (weapon in hands) Armor e - a blessed +0 cloak of magic resistance (being worn) n - an uncursed +0 dwarvish cloak q - an uncursed rusty +0 orcish helm (being worn) r - an uncursed +0 dwarvish cloak z - an uncursed +0 dwarvish cloak M - an uncursed +0 dwarvish cloak N - an uncursed +0 dwarvish cloak O - a blessed +0 dwarvish cloak T - an uncursed +0 leather armor (being worn) Y - an uncursed +0 dwarvish cloak Comestibles f - an uncursed tripe ration m - an uncursed sprig of wolfsbane o - an uncursed cream pie D - an uncursed tin of spinach K - 3 uncursed food rations Scrolls h - an uncursed scroll of create monster k - an uncursed scroll of gold detection l - an uncursed scroll of remove curse p - an uncursed scroll of destroy armor v - an uncursed scroll of magic mapping w - a blessed scroll of destroy armor A - a cursed scroll of remove curse Q - a cursed scroll of blank paper W - an uncursed scroll of identify X - a cursed scroll of enchant armor Spellbooks d - an uncursed spellbook of magic missile Potions t - an uncursed potion of gain energy Tools c - an uncursed skeleton key i - an uncursed skeleton key s - an uncursed towel B - an uncursed skeleton key C - a blessed partly used tallow candle (0:51) E - an uncursed oil lamp (0:1349) F - 3 uncursed wax candles (0:400) G - a +0 pick-axe H - 4 uncursed tallow candles (0:200) I - an uncursed blindfold Gems y - an uncursed worthless piece of white glass Spells and supernatural/magical abilities: Name Level Category Fail Memory a - force bolt 1 attack 0% 81% k - knock 1 matter 0% 81% s - slow monster 2 enchantment 0% 93% z - sleep 1 enchantment 0% 85% W - pray for help -- divine ? -- Your skills at the end: Miscellaneous Skills wands [Basic] Weapon Skills quarterstaff [Basic] Spellcasting Skills attack spells [Basic] enchantment spells [Basic] Final Attributes: You were devoutly aligned. You were magic-protected. You were held by an owlbear. You are dead. Vanquished creatures: a giant spider a black light 2 gnome kings a dwarf lord an orc shaman a fog cloud 7 gnome lords 2 gnomish wizards a little dog 9 dwarves 8 hill orcs a monkey a dwarf zombie 3 hobbits 5 geckos a hobgoblin 3 giant rats 5 cave spiders 2 yellow molds 27 gnomes 3 manes a gnome zombie 8 jackals 8 newts 4 goblins 7 sewer rats 3 grid bugs 3 lichens 2 kobold zombies 121 creatures vanquished. Voluntary challenges: You did not adorn yourself with jewelry or accessories. You used a wielded weapon 105 times, starting on turn 49. You did not apply a unicorn horn. You read items or engraved 5 times, starting on turn 891. You never genocided any monsters. You never polymorphed an object. You never changed form. You used no wishes. You never split a pudding. You never wrote Elbereth's name. You never violated your personal moral code. Dungeon overview: The Dungeons of Doom: levels 1 to 5 Level 1 (locked box) a long staircase Level 2 (vault) a fountain Level 3 (stash) an altar to Thoth Level 4 (locked box) a fountain, a sink stairs to The Gnomish Mines Level 5 a fountain The Gnomish Mines: levels 5 to 8 Level 5 (locked box) stairs to The Dungeons of Doom Level 6 Level 7 Level 8 <- You were here a lighting shop, some fountains, some trees History has recorded: On T:1 you entered the Dungeons of Doom to retrieve the Amulet of Yendor! On T:200 you reached level 2 of The Dungeons of Doom. On T:331 you advanced to experience level 2. On T:628 you reached level 3 of The Dungeons of Doom. On T:834 you reached level 4 of The Dungeons of Doom. On T:1129 you advanced to experience level 3. On T:1178 you reached level 1 of The Gnomish Mines. On T:1278 you reached level 5 of The Dungeons of Doom. On T:1592 you advanced to experience level 4. On T:1671 you advanced to experience level 5. On T:1799 you reached level 2 of The Gnomish Mines. On T:2665 you advanced to experience level 6. On T:3077 you reached level 3 of The Gnomish Mines. On T:3277 you advanced to experience level 7. On T:3308 you reached level 4 of The Gnomish Mines. Score breakdown: Gold: 545 ( 54 points) Experience: 7 levels ( 600 points) Exploration: 8 levels ( 210 points) Discoveries: 7 items ( 350 points) Variety of kills: 29 monsters ( 1450 points) Major goal: (nothing yet) ( 0 points) Survival: died (score multiplied by 3) Total score: 7992 Latest messages: The dwarf swings her broad pick. The dwarf hits you! The hill orc falls through... You drop a blessed purple-red potion. You drop an uncursed brown potion. You drop a wand of nothing (0:4). You drop an uncursed red gem. You drop an uncursed black gem. You drop an uncursed green gem. You drop an uncursed yellowish brown gem. You drop an uncursed white gem. You drop 2 uncursed violet gems. You drop an uncursed blue gem. You drop 2 uncursed yellow gems. Your movements are now unencumbered. You cannot escape from the owlbear! The owlbear claws you! (2x) You are being crushed. You die... Final status: Goodbye woodfighter the Wizard, killed by an owlbear... You died in The Gnomish Mines on dungeon level 8 with 7992 points, and 545 pieces of gold, after 3982 moves. You were level 7 with a maximum of 57 hit points when you died.